 Dungeon Crawl Stone Soup version 0.23-a0-586-gacb4b3f (webtiles) character file.

28274 zishaf the Fighter (level 13, 0/72 HPs)
             Began as a Vine Stalker Assassin on Dec 19, 2018.
             Was a Believer of Uskayaw.
             Succumbed to a spiny frog's poison
             ... on level 3 of the Lair of Beasts.
             The game lasted 01:12:03 (19221 turns).

zishaf the Fighter (Vine Stalker Assassin)         Turns: 19221, Time: 01:12:03

Health: 0/72       AC: 11    Str: 23    XL:     13   Next: 37%
Magic:  1/19       EV: 16    Int: 16    God:    Uskayaw [**....]
Gold:   997        SH: 11    Dex: 16    Spells: 13/18 levels left

rFire    + . .     SeeInvis .   a - +4 short sword
rCold    . . .     Gourm    .   Q - +0 shield
rNeg     . . .     Faith    .   C - +2 robe {MR+}
rPois    .         Spirit   +   l - +0 helmet
rElec    .         Reflect  .   T - +1 cloak {+Inv}
rCorr    .         Harm     .   s - +2 pair of gloves {archery}
MR       ++...                  W - +0 pair of boots
Stlth    +++++.....             c - amulet of magic regeneration
HPRegen  1.02/turn              w - ring of stealth
MPRegen  0.41/turn              J - ring of the Equinox {+Fly rF+ Str+4 Int+5}

@: lethally poisoned (0 -> -16)
A: fangs 3, regeneration 2, magic shield, antimagic bite, no potion heal 3, rot
immunity
a: Stomp, Line Pass, Renounce Religion, Evoke Invisibility, Evoke Flight


You were on level 3 of the Lair of Beasts.
You worshipped Uskayaw.
Uskayaw was noncommittal.
You were hungry.

You visited 3 branches of the dungeon, and saw 16 of its levels.

You collected 997 gold pieces.

Inventory:

Hand Weapons
 a - a +4 short sword (weapon)
 b - a +0 blowgun
Missiles
 e - 34 poisoned needles
 i - an exploding tomahawk
 R - 28 tomahawks (quivered)
 S - a curare-tipped needle
Armour
 l - a +0 helmet (worn)
 s - a +2 pair of gloves of archery (worn)
 C - a +2 robe of magic resistance (worn)
 Q - a +0 shield (worn)
 T - a +1 cloak of invisibility (worn)
 W - a +0 pair of boots (worn)
Jewellery
 c - an amulet of magic regeneration (around neck)
 m - an uncursed ring of protection from magic
 w - a ring of stealth (left hand)
 H - an uncursed ring of wizardry
 J - the ring of the Equinox (right hand) {+Fly rF+ Str+4 Int+5}
   (You found it on level 5 of the Dungeon)

   [ring of flight]

   It affects your strength (+4).
   It affects your intelligence (+5).
   It protects you from fire.
   It lets you fly.
Wands
 h - a wand of random effects (19)
 B - a wand of polymorph (22)
 D - a wand of disintegration (19)
 F - a wand of digging (12)
 N - a wand of flame (32)
 U - a wand of paralysis (4)
Scrolls
 n - 2 scrolls of fear
 p - 3 scrolls of magic mapping
 x - 2 scrolls of fog
 y - a scroll of enchant armour {unknown}
 I - 3 scrolls of teleportation
 K - a scroll of acquirement {unknown}
 L - 2 scrolls of blinking
 X - 2 scrolls of silence {unknown}
 Y - 4 scrolls of remove curse
Potions
 d - a potion of lignification {unknown}
 f - 2 potions of flight
 j - 7 potions of curing
 k - a potion of ambrosia
 o - a potion of berserk rage {unknown}
 r - 3 potions of heal wounds {unknown}
 t - 3 potions of might
 u - 3 potions of brilliance
 A - 2 potions of haste
 E - a potion of invisibility
 G - 2 potions of magic
 Z - a potion of resistance {unknown}
Miscellaneous
 O - a lamp of fire
Comestibles
 g - 21 rations
 q - 15 chunks of flesh


   Skills:
 + Level 10.0 Fighting
 + Level 9.9 Short Blades
 + Level 2.0 Throwing
 - Level 3.3 Armour
 + Level 7.5 Dodging
 - Level 8.0 Stealth
 + Level 6.8 Shields
 - Level 3.0 Spellcasting
 - Level 4.0 Summonings
 - Level 2.1 Necromancy
 + Level 3.0 Translocations
 + Level 7.6 Invocations


You had 13 spell levels left.
You knew the following spells:

 Your Spells              Type           Power        Failure   Level  Hunger
a - Animate Skeleton      Necr           N/A          22%         1    #......
b - Call Imp              Summ           ###.....     16%         2    ##.....
c - Blink                 Tloc           N/A          22%         2    ##.....

Your spell library contained the following spells:

 Spells                   Type           Power        Failure   Level  Hunger
 Summon Small Mammal      Summ           ###.         10%         1    #......
 Apportation              Tloc           ##....       16%         1    #......
 Call Canine Familiar     Summ           ###.....     30%         3    ###....
 Confusing Touch          Hex            #.....       45%         1    #......
 Magic Dart               Conj           #...         45%         1    #......
 Summon Guardian Golem    Hex/Summ       #.......     56%         3    ###....
 Slow                     Hex            #.......     61%         2    ##.....
 Conjure Flame            Conj/Fire      #.......     83%         3    ###....
 Ignite Poison            Fire/Tmut/Pois #.......     83%         3    ###....
 Mephitic Cloud           Conj/Pois/Air  #.......     83%         3    ###....
 Summon Ice Beast         Ice/Summ       #.......     92%         4    #####..
 Summon Lightning Spire   Summ/Air       #.......     92%         4    #####..
 Fireball                 Conj/Fire      #.........   100%        5    ######.
 Bolt of Fire             Conj/Fire      #.........   100%        6    #######
 Ring of Flames           Chrm/Fire      #.........   100%        7    #######
 Ignition                 Fire           #.........   100%        8    #######


Dungeon Overview and Level Annotations

Branches:
Dungeon (12/15)            Temple (1/1) D:7            Lair (3/6) D:11
    Orc (0/2) D:11
  Swamp: Lair:2-4    Shoals: Lair:2-4     Snake: Lair:2-4    Spider: Lair:2-4

Altars:
Ashenzari
Cheibriados
Dithmenos
Elyvilon
Fedhas
Gozag
Hepliaklqana
Kikubaaqudgha
Makhleb
Nemelex Xobeh
Okawaru
Qazlal
Ru
Sif Muna
Trog
Uskayaw
Vehumet
Wu Jian
Xom
Yredelemnul
Zin
The Shining One

Annotations:
D:7 3 runed doors, Tarl's ghost, novice MiFi
D:10 exclusion: downstairs


Innate Abilities, Weirdness & Mutations

You have razor-sharp teeth.
You heal very quickly.
When hurt, damage is shared between your health and your magic reserves.
Your bite disrupts and absorbs the magic of your enemies.
Potions cannot restore your health.
You are immune to rotting.


Message History

The komodo dragon bites you!!
You puncture the komodo dragon! You bite the komodo dragon.
You drain its power.
You feel invigorated.
The komodo dragon is almost dead.
The spiny frog stings you!
You are poisoned.
The spiny frog poisons you!
You can now pass through a line of other dancers.
You barely miss the komodo dragon. Your bite misses the komodo dragon.
The komodo dragon is almost dead.
You feel sick. The spiny frog stings you! The komodo dragon bites you!
* * * LOW HITPOINT WARNING * * *
You hit the komodo dragon but do no damage.
You bite the komodo dragon, but do no damage.
The komodo dragon is almost dead.
You feel sick. The spiny frog stings you!!
* * * LOW HITPOINT WARNING * * *
You are lethally poisoned!
The spiny frog poisons you!
You die...

##..................##
#........#....<......#
#..................##
#.
#...............##.#
.....#
#...........P..P###
......
###........####.##
......# #.#.........#
..#
..P...###.........##
#.#
#..P......@#....#.# ##
..#.....(%l<..#.#####
.....#..#.F..####
........%..###
#.........P#
.#.........#
........#....
.............#
..............#


You could see a komodo dragon and a spiny frog.

Vanquished Creatures
  Fannar (D:10)
  2 hydras
  A centaur warrior (D:11)
  3 two-headed ogres
  3 ugly things
  Pikel (D:5)
  2 deep elf magi (D:12)
  A cyclops (D:9)
  A centaur zombie (D:11)
  Joseph (D:7)
  A gargoyle (D:12)
  3 spiny frogs
  A black mamba (Lair:2)
  5 slime creatures
  A hornet (D:8)
  8 blink frogs (Lair:2)
  3 hippogriffs
  2 wyverns
  35 yaks
  2 hungry ghosts (D:11)
  6 wargs (D:11)
  A steam dragon (D:9)
  2 soldier ants
  Duvessa (D:7)
  3 water moccasins (Lair:1)
  4 porcupines
  4 orc warriors
  5 ice beasts
  A phantom (D:7)
  8 sky beasts
  2 slaves (D:6)
  8 centaurs
  8 ogres
  5 wolves (Lair:1)
  3 crocodiles
  7 bullfrogs
  Blork the orc (D:6)
  A scorpion (D:8)
  Dowan (D:7)
  9 killer bees
  An electric eel (D:12)
  11 wights
  3 howler monkeys
  6 crimson imps
  3 jellies
  9 hounds
  2 bullfrog zombies
  8 centaur skeletons
  4 orc priests
  Crazy Yiuf (D:7)
  2 bullfrog skeletons
  6 orc wizards
  3 iguanas
  7 worker ants
  A hound zombie (D:5)
  A worker ant zombie (D:11)
  9 adders
  4 gnolls (D:10)
  3 shadow imps
  3 oozes
  2 adder skeletons
  3 worms
  2 dart slugs (D:1)
  7 leopard geckos
  26 orcs
  8 giant cockroaches
  11 goblins
  5 hobgoblins
  11 jackals
  5 quokkas
  5 bats
  5 frilled lizards
  5 kobolds
  3 leopard gecko skeletons
  A quokka skeleton (D:7)
  A quokka zombie (D:7)
  9 rats
  A plant (D:11)
354 creatures vanquished.

Vanquished Creatures (collateral kills)
  A cyclops (D:12)
  A bullfrog (Lair:1)
  A hound (D:10)
3 creatures vanquished.

Vanquished Creatures (others)
  A hound (D:6)
  A killer bee zombie (D:10)
  A fungus (Lair:1)
3 creatures vanquished.

Grand Total: 360 creatures vanquished

Notes
Turn   | Place    | Note
-------+----------+-------------------------------------------
     0 | D:1      | zishaf the Vine Stalker Assassin began the quest for the
                  | Orb.
     0 | D:1      | Reached XP level 1. HP: 11/11 MP: 2/2
   342 | D:1      | Reached skill level 1 in Dodging
   342 | D:1      | Reached XP level 2. HP: 12/15 MP: 1/3
   381 | D:1      | Reached skill level 2 in Fighting
   381 | D:1      | Reached skill level 5 in Stealth
   854 | D:1      | Reached XP level 3. HP: 15/18 MP: 4/4
  1184 | D:2      | Gained mutation: Your natural rate of healing is unusually
                  | fast. [Vine Stalker growth]
  1184 | D:2      | Reached XP level 4. HP: 16/23 MP: 2/5
  1509 | D:2      | Learned a level 1 spell: Animate Skeleton
  2004 | D:2      | Reached XP level 5. HP: 28/28 MP: 4/6
  2135 | D:3      | Reached skill level 1 in Necromancy
  2390 | D:3      | Reached skill level 3 in Fighting
  2391 | D:3      | Reached skill level 1 in Shields
  2650 | D:3      | Reached XP level 6. HP: 32/32 MP: 7/7
  3117 | D:4      | Got a warped short sword
  3118 | D:4      | Identified the cursed +0 short sword "Biadwitz" {venom,
                  | Int+3} (You found it on level 4 of the Dungeon)
  3746 | D:4      | Reached XP level 7. HP: 30/36 MP: 8/8
  4036 | D:4      | Learned a level 2 spell: Call Imp
  4067 | D:4      | Found a glowing golden altar of the Shining One.
  4069 | D:4      | Noticed an angel
  4078 | D:4      | Found a basalt altar of Yredelemnul.
  4080 | D:4      | Noticed a profane servitor
  4110 | D:5      | Entered Level 5 of the Dungeon
  4331 | D:5      | Reached skill level 1 in Armour
  4331 | D:5      | Reached skill level 1 in Spellcasting
  4331 | D:5      | Reached skill level 1 in Summonings
  4962 | D:4      | Reached skill level 4 in Fighting
  4962 | D:4      | Gained mutation: You have razor-sharp teeth. [Vine Stalker
                  | growth]
  4962 | D:4      | Reached XP level 8. HP: 42/42 MP: 11/11
  5034 | D:5      | Found the +3 robe of Folly {Archmagi, MR-- Int+5}
  5138 | D:5      | Found a bloodstained altar of Trog.
  5725 | D:5      | Got a warped bronze ring
  5727 | D:5      | Identified the ring of the Equinox {+Fly rF+ Str+4 Int+5}
                  | (You found it on level 5 of the Dungeon)
  6198 | D:6      | Noticed Blork the orc
  6213 | D:6      | Killed Blork the orc
  6735 | D:6      | Reached skill level 5 in Fighting
  6735 | D:6      | Reached skill level 5 in Short Blades
  6735 | D:6      | Reached XP level 9. HP: 33/47 MP: 13/13
  7021 | D:6      | Noticed Pikel
  7063 | D:5      | Killed Pikel
  7858 | D:7      | Found a runed door.
  7942 | D:7      | Reached skill level 6 in Fighting
  8022 | D:7      | Noticed Joseph
  8060 | D:7      | Killed Joseph
  8420 | D:7      | Found a staircase to the Ecumenical Temple.
  8423 | D:7      | Noticed Dowan
  8424 | D:7      | Noticed Duvessa
  8427 | Temple   | Entered the Ecumenical Temple
  8588 | Temple   | Became a worshipper of Uskayaw the Reveler
  8686 | D:6      | Reached * piety under Uskayaw
  8688 | D:6      | Reached ** piety under Uskayaw
  8690 | D:6      | Reached XP level 10. HP: 51/53 MP: 15/15
  8948 | D:7      | Found a runed gate.
  8948 | D:7      | Found a runed gate.
  8948 | D:7      | Found a runed gate.
  8960 | D:7      | Noticed Tarl's ghost (novice MiFi)
  9089 | D:7      | Killed Dowan
  9211 | D:7      | Killed Duvessa
  9356 | D:7      | Noticed Crazy Yiuf
  9384 | D:7      | Killed Crazy Yiuf
 10707 | D:9      | Reached *** piety under Uskayaw
 10760 | D:8      | Reached skill level 7 in Fighting
 10823 | D:8      | Reached **** piety under Uskayaw
 10831 | D:8      | Reached ***** piety under Uskayaw
 10832 | D:8      | Reached skill level 1 in Invocations
 10932 | D:9      | Noticed a cyclops
 11229 | D:9      | Noticed a two-headed ogre
 11519 | D:9      | Killed a cyclops
 11867 | D:9      | Killed a two-headed ogre
 11867 | D:9      | Reached XP level 11. HP: 60/60 MP: 16/16
 11927 | D:9      | Found an ancient bone altar of Kikubaaqudgha.
 11976 | D:9      | Found a blossoming altar of Fedhas.
 12111 | D:9      | Learned a level 2 spell: Blink
 12126 | D:10     | Entered Level 10 of the Dungeon
 12219 | D:10     | Reached skill level 1 in Translocations
 12292 | D:10     | Noticed Fannar
 12514 | D:10     | Killed Fannar
 12514 | D:10     | Reached skill level 8 in Fighting
 12514 | D:10     | Reached skill level 5 in Dodging
 12975 | D:11     | Got a scorched mace
 13337 | D:11     | Found a staircase to the Lair.
 13458 | D:11     | Noticed a green ugly thing
 13507 | D:10     | Killed a green ugly thing
 13507 | D:10     | Reached skill level 5 in Invocations
 13730 | D:11     | Noticed a seven-headed hydra
 13778 | D:11     | Noticed a two-headed ogre
 14010 | D:11     | Noticed a cyan ugly thing
 14011 | D:11     | Noticed a centaur warrior
 14287 | D:10     | Killed a two-headed ogre
 15042 | D:11     | Found a staircase to the Orcish Mines.
 15052 | D:11     | Gained mutation: You heal very quickly. [Vine Stalker
                  | growth]
 15052 | D:11     | Reached XP level 12. HP: 58/65 MP: 17/17
 15187 | D:12     | Reached skill level 5 in Shields
 15448 | D:12     | Reached skill level 9 in Fighting
 15652 | D:12     | Noticed a six-headed hydra
 15937 | D:11     | Killed a centaur warrior
 16204 | D:12     | Killed a six-headed hydra
 16260 | D:12     | Noticed a two-headed ogre
 16301 | D:12     | Killed a two-headed ogre
 17038 | D:11     | Killed a seven-headed hydra
 17078 | Lair:1   | Entered Level 1 of the Lair of Beasts
 17887 | Lair:1   | Reached XP level 13. HP: 70/70 MP: 19/19
 18374 | Lair:2   | Reached ****** piety under Uskayaw
 19135 | Lair:3   | Reached skill level 10 in Fighting
 19220 | Lair:3   | HP: 3/72 [spiny frog (12)]
 19221 | Lair:3   | Succumbed to a spiny frog's poison

Vault maps used:
D:1:      dpeg_arrival_chambers_temple_mockup
D:3:      supply_closet_lemuel
D:4:      wander_river, grunt_temple_overflow_holy_war, minmay_pentangle
D:5:      first_ration, dk_noncrumbling_4, trog_hazing_becter
D:6:      dk_rats_in_the_wall, uniq_blork_the_orc, uniq_pikel
D:7:      minmay_blocky_corners, minmay_temple_entry_tees,
          gammafunk_ghost_split, uniq_crazy_yiuf_cottage, uniq_duvessa,
          uniq_joseph
D:8:      hangedman_pestilent_swarm
D:9:      fedhas_ov_isle_minmay, lemuel_doored_altar
D:10:     uniq_fannar
D:11:     erik_lair_orcish_takeover, minmay_orc_entry_guard_dogs,
          minmay_misc_feat_enclosed
D:12:     hangedman_abyss_or_decor_stagger, serial_bayou_lagoon_a
Temple:   dpeg_five_rooms_temple
Lair:1:   grunt_megastairs_5
Lair:2:   serial_bayou_crossing, grunt_megastairs_2, infiniplex_staircase_pool_2

Skill      XL: |  1  2  3  4  5  6  7  8  9 10 11 12 13 |
---------------+----------------------------------------+-----
Dodging        | 1 2 3 4 6 7 |  7.5
Fighting       | 2 3 4 5 6 7 8 9 10 | 10.0
Short Blades   | 2 3 5 6 7 8 9 |  9.9
Stealth        | 5 6 8 |  8.0
Throwing       | 2 |  2.0
Necromancy     | 1 2 |  2.1
Shields        | 1 2 3 4 6 |  6.8
Armour         | 1 2 3 |  3.3
Spellcasting   | 1 2 3 |  3.0
Summonings     | 1 3 4 |  4.0
Invocations    | 3 5 7 |  7.6
Translocations | 3 |  3.0

Action                   |  1- 3 |  4- 6 |  7- 9 | 10-12 | 13-15 || total
-------------------------+-------+-------+-------+-------+-------++-------
Melee: Dagger            |    71 |   193 |   379 |   894 |       ||  1537
       Bite              |    16 |    57 |   137 |   460 |    60 ||   730
       Short sword       |       |    24 |     8 |    37 |   150 ||   219
 Fire: Blowgun           |       |    10 |    42 |    20 |       ||    72
       Hunting sling     |       |       |    35 |    68 |       ||   103
Throw: Tomahawk          |       |       |       |     1 |    11 ||    12
 Cast: Animate Skeleton  |       |     8 |     3 |     1 |       ||    12
       Call Imp          |       |       |    10 |    35 |       ||    45
Invok: Stomp             |       |       |       |     2 |       ||     2
Evoke: Wand              |       |       |       |    25 |       ||    25
       Lamp of fire      |       |       |       |     1 |       ||     1
       Box of beasts     |       |       |       |     1 |       ||     1
  Use: Scroll            |       |    13 |     5 |     6 |       ||    24
       Potion            |       |       |     1 |     1 |       ||     2
 Stab: Sleeping          |     5 |     7 |     6 |    10 |     4 ||    32
       Paralysed         |       |       |       |    29 |    14 ||    43
       Distracted        |       |       |       |     3 |       ||     3
  Eat: Chunk             |     1 |    19 |    16 |    16 |     4 ||    56
       Ration            |       |       |       |     3 |       ||     3
Armor: Leather armour    |    31 |    42 |    47 |     7 |       ||   127
       Robe              |       |       |       |   130 |     6 ||   136
Dodge: Dodged            |    61 |   100 |   131 |   260 |    36 ||   588
Block: Buckler           |       |    32 |    50 |    79 |       ||   161
       Shield            |       |       |       |   100 |    39 ||   139

Table legend:
 A = Non-vault XP
 B = Vault XP
 C = Vault XP percentage of total XP
 D = Non-vault monster count
 E = Vault monster count
 F = Vault count percentage of total count
                 A         B        C        D         E       F
            +---------+---------+-------+---------+---------+-------
      Total |   32479 |    7913 |  19.6 |     298 |      57 |  16.1
            +---------+---------+-------+---------+---------+-------
        D:1 |      44 |       0 |   0.0 |      22 |       0 |   0.0
        D:2 |     139 |       0 |   0.0 |      23 |       0 |   0.0
        D:3 |     183 |       0 |   0.0 |      23 |       0 |   0.0
        D:4 |     605 |      35 |   5.5 |      16 |       5 |  23.8
        D:5 |    1205 |     605 |  33.4 |      20 |       7 |  25.9
        D:6 |     790 |      91 |  10.3 |      15 |       1 |   6.2
        D:7 |     507 |    1004 |  66.4 |      15 |      11 |  42.3
        D:8 |    2103 |     477 |  18.5 |      20 |       4 |  16.7
        D:9 |    2087 |       0 |   0.0 |      21 |       0 |   0.0
       D:10 |    3983 |    1162 |  22.6 |      28 |       3 |   9.7
       D:11 |    6106 |    1070 |  14.9 |      34 |       9 |  20.9
       D:12 |    6624 |       0 |   0.0 |      20 |       0 |   0.0
     Lair:1 |    2292 |    1468 |  39.0 |      16 |       7 |  30.4
     Lair:2 |    4894 |    2001 |  29.0 |      20 |      10 |  33.3
     Lair:3 |     917 |       0 |   0.0 |       5 |       0 |   0.0
            +---------+---------+-------+---------+---------+-------
